AoeStats
← Dahuts

Arena

505744073Analyzed
1v1 RM · 21d ago on Sep 10, 2026· 20m 17s· 2 players
Game mode
Random Map
Map size
Tiny (2 player)
Population
200
Speed
Normal
Resources
Standard
Victory
Conquest
Starting age
Dark Age
Ending age
Imperial Age
RankedLock teamsTeams togetherTeam positionsShared explorationLock speedFull tech treeHidden civsTurbo modeCheats
Victory
Defeat
🇫🇷 Burmese · France
1308
+19
🇨🇦 Poles · Canada
1369
-19
dadleisure
11:11 Feudal Age
15:25 Castle Age
13:49 Double-Bit Axe
13:47 Horse Collar
16:36 Bow Saw
17:01 Heavy Plow
18:17 Wheelbarrow
Dahuts
9:48 Feudal Age
14:26 Castle Age
14:05 Horse Collar
19:02 Padded Archer Armor
Connection lost

Rejoining the realm…

Still unreachable

The connection could not be restored.

Session expired

The server has moved on; the page needs a fresh start.